 Dungeon Crawl Stone Soup version 0.29.0-4-gdea44cf6ec (webtiles) character file.

Game seed: 7808315772118649064

2016 Plasmagod the Severer (level 9, -6/77 HPs)
             Began as a Hill Orc Fighter on Aug 27, 2022.
             Was a Follower of Uskayaw.
             Mangled by an orc warrior
             ... wielding a +0 war axe
              (8 damage)
             ... in a bailey.
             The game lasted 00:15:47 (7545 turns).

Plasmagod the Severer (Hill Orc Fighter)            Turns: 7545, Time: 00:15:47

Health: -6/77      AC: 15    Str: 23    XL:     9   Next: 22%
Magic:  9/9        EV:  7    Int:  8    God:    Uskayaw [*.....]
Gold:   359        SH:  4    Dex: 10    Spells: 8/8 levels left

rFire   . . .      SeeInvis .   E - +2 morningstar (protect)
rCold   . . .      Faith    .   c - +0 buckler
rNeg    . . .      Spirit   .   n - +0 chain mail
rPois   .          Reflect  .   (helmet restricted)
rElec   .          Harm     .   p - +0 cloak
rCorr   .          Rampage  .   s - +0 pair of gloves
Will    +....                   (no boots)
Stlth   ..........              (no amulet)
HPRegen 0.22/turn               G - +4 ring of protection
MPRegen 0.11/turn               J - ring of willpower

@: attractive
A: horns 1, robust 1
a: Renounce Religion, Stomp


You were in a bailey.
You worshipped Uskayaw.
Uskayaw was noncommittal.
You visited 2 branches of the dungeon, and saw 9 of its levels.
You also visited: Bailey.

You collected 359 gold pieces.

Inventory:

Hand Weapons
 a - a +0 war axe
 E - a +2 morningstar of protection (weapon)
Armour
 c - a +0 buckler (worn)
 n - a +0 chain mail (worn)
 p - a +0 cloak (worn)
 s - a +0 pair of gloves (worn)
Jewellery
 z - a ring of ice
 D - a ring of fire
 G - a +4 ring of protection (left hand)
 J - a ring of willpower (right hand)
Wands
 H - a wand of paralysis (17)
 I - a wand of flame (31)
Scrolls
 b - a scroll of butterflies
 j - 4 scrolls of enchant armour {unknown}
 k - 2 scrolls of noise {unknown}
 l - 8 scrolls of identify {unknown}
 m - 2 scrolls of summoning {unknown}
 o - 5 scrolls of teleportation {unknown}
 t - a scroll of brand weapon {unknown}
 u - 2 scrolls of magic mapping {unknown}
 y - a scroll of immolation {unknown}
 A - 2 scrolls of poison {unknown}
 B - a scroll of vulnerability {unknown}
Potions
 d - a potion of might
 e - a potion of flight {unknown}
 g - 2 potions of invisibility {unknown}
 h - 3 potions of haste {unknown}
 q - 3 potions of attraction
 r - 2 potions of curing {unknown}
 v - a potion of resistance {unknown}
 w - a potion of heal wounds {unknown}
 C - 2 potions of mutation
 F - 3 potions of brilliance {unknown}


   Skills:
 - Level 3.6 Fighting
 + Level 15.2 Axes
 - Level 3.2 Armour
 - Level 3.2 Shields


You had 8 spell levels left.
You didn't know any spells.
Your spell library contained the following spells:

 Spells                   Type           Power      Damage    Failure   Level
 Shock                    Conj/Air       0%         1d3       99%         1
 Swiftness                Air            0%         N/A       100%        3
 Airstrike                Air            0%         2d(0-16)  100%        4


Dungeon Overview and Level Annotations

Branches:
Dungeon (8/15)             Temple (1/1) D:4          Bailey (1/1)
   Lair: D:8-11

Altars:
Ashenzari
Cheibriados
Dithmenos
Elyvilon
Fedhas
Gozag
Hepliaklqana
Kikubaaqudgha
Makhleb
Nemelex Xobeh
Okawaru
Qazlal
Sif Muna
Trog
Uskayaw
Vehumet
Wu Jian
Xom
Yredelemnul
Zin
The Shining One

Shops:
D:1 =   D:3 *   D:4 :   D:5 ?


Innate Abilities, Weirdness & Mutations

You have a pair of small horns on your head.
You are robust. (+10% HP)


Message History

The orc warrior hits you but does no damage.
You hit the orc warrior.
Your weapon exudes an aura of protection.
The orc warrior is lightly wounded.
You block the orc warrior's attack. The orc warrior barely misses you.
You hit the orc warrior.
The orc warrior is moderately wounded.
You block the orc warrior's attack.
The orc warrior hits you with a +0 war axe!
You closely miss the orc warrior.
The orc warrior is moderately wounded.
The orc warrior hits you with a +0 war axe!
You block the orc warrior's attack.
You closely miss the orc warrior.
The orc warrior is moderately wounded.
The orc warrior hits you but does no damage.
The orc warrior barely misses you.
You closely miss the orc warrior.
The orc warrior is moderately wounded.
The orc warrior barely misses you.
The orc warrior hits you but does no damage.
You miss the orc warrior.
The orc warrior is moderately wounded.
The orc warrior hits you with a +0 war axe!
The orc warrior hits you but does no damage.
You closely miss the orc warrior.
The orc warrior is moderately wounded.
The orc warrior hits you with a +0 war axe!!
The orc warrior hits you with a +0 war axe!
* * * LOW HITPOINT WARNING * * *
It was a potion of attraction.
You feel attractive to monsters.
The orc warrior hits you with a +0 war axe.
* * * LOW HITPOINT WARNING * * *
The orc warrior hits you with a +0 war axe!
* * * LOW HITPOINT WARNING * * *
It was a potion of mutation.
You feel extremely strange. A pair of horns grows on your head!
You feel robust.
The orc warrior hits you with a +0 war axe!
You die...

..~~.......~~....#
##~~.......~~###.#
..~~.......~~....#
##~~.......~~###.#
.~~.......~~....#
#~~.......~~###.#
.~~.......~~....#
#~~.......~~#####
#~....o@.~##
####''o####
#.....# #∩?...?∩#
#...8...#
##..(..## ###+###


You could see 2 orc warriors.

Vanquished Creatures
  A hornet (D:7)
  A troll (D:7)
  A steam dragon (D:7)
  A water moccasin (D:5)
  A black bear (D:8)
  An ogre (D:5)
  A sky beast (D:7)
  A phantom (D:5)
  2 centaurs
  3 kobold brigands (Bailey)
  A bullfrog (D:7)
  A scorpion (D:6)
  A howler monkey (D:7)
  An orc priest (D:6)
  3 jellies
  3 hounds
  4 orc wizards
  An iguana (D:5)
  Robin (D:2)
  3 gnolls
  3 adders
  A shadow imp (D:7)
  3 ufetubi
  2 dart slugs (D:3)
  21 orcs
  6 endoplasms
  A giant cockroach (D:3)
  16 goblins
  4 hobgoblins
  9 kobolds
  3 quokkas
  2 ball pythons
  A bat (D:3)
  A frilled lizard (D:1)
  6 rats
111 creatures vanquished.

Vanquished Creatures (others)
  A shadow imp (D:7)
  An orc (D:6)
2 creatures vanquished.

Grand Total: 113 creatures vanquished

Notes
Turn   | Place    | Note
-------+----------+-------------------------------------------
     0 | D:1      | Plasmagod the Hill Orc Fighter began the quest for the Orb.
     0 | D:1      | Reached XP level 1. HP: 19/19 MP: 1/1
   227 | D:1      | Reached skill level 3 in Axes
   227 | D:1      | Reached XP level 2. HP: 12/26 MP: 2/2
   416 | D:1      | Reached skill level 4 in Axes
   491 | D:1      | Found Dikhlyneh's One-of-a-Kind Rings.
   733 | D:1      | Found a faded altar of an unknown god.
  1201 | D:2      | Noticed Robin
  1209 | D:2      | Reached XP level 3. HP: 21/31 MP: 3/3
  1215 | D:2      | Killed Robin
  1216 | D:2      | Reached skill level 5 in Axes
  2299 | D:3      | Reached XP level 4. HP: 39/39 MP: 4/4
  2318 | D:3      | Reached skill level 6 in Axes
  2765 | D:3      | Found Ytimis's General Store.
  2859 | D:3      | Reached XP level 5. HP: 36/45 MP: 5/5
  2877 | D:2      | Reached skill level 7 in Axes
  3413 | D:4      | Found Cuklu Buabb's Book Boutique.
  3551 | D:4      | Found a staircase to the Ecumenical Temple.
  3560 | Temple   | Entered the Ecumenical Temple
  3569 | Temple   | Became a worshipper of Uskayaw the Reveller
  3735 | D:4      | Found an iron altar of Okawaru.
  3744 | D:4      | Found a burning altar of Makhleb.
  3759 | D:4      | Noticed an ogre
  3778 | D:5      | Entered Level 5 of the Dungeon
  3846 | D:5      | Noticed a water moccasin
  3855 | D:5      | Reached * piety under Uskayaw
  3859 | D:5      | Reached ** piety under Uskayaw
  3861 | D:5      | Killed a water moccasin
  3862 | D:5      | Reached skill level 8 in Axes
  3862 | D:5      | Reached XP level 6. HP: 22/51 MP: 6/6
  4349 | D:5      | Reached skill level 9 in Axes
  4574 | D:5      | Reached XP level 7. HP: 47/57 MP: 7/7
  4791 | D:5      | Reached skill level 10 in Axes
  5007 | D:5      | Found Icomnaick's Magic Scroll Shoppe.
  5426 | D:6      | Reached skill level 11 in Axes
  5725 | D:6      | Found a shimmering blue altar of Sif Muna.
  5854 | D:6      | Reached *** piety under Uskayaw
  5864 | D:6      | Reached XP level 8. HP: 42/64 MP: 4/8
  6110 | D:7      | Reached skill level 12 in Axes
  6122 | D:7      | Reached **** piety under Uskayaw
  6554 | D:7      | Reached skill level 13 in Axes
  6702 | D:7      | Noticed a hornet
  6716 | D:7      | Killed a hornet
  7002 | D:8      | Noticed a troll
  7005 | D:8      | Noticed a six-headed hydra
  7008 | D:8      | Noticed a boulder beetle
  7026 | D:7      | Killed a troll
  7027 | D:7      | Reached skill level 14 in Axes
  7027 | D:7      | Reached XP level 9. HP: 20/70 MP: 9/9
  7385 | D:8      | Found a flagged portal.
  7404 | Bailey   | Entered a bailey
  7438 | Bailey   | Reached skill level 15 in Axes
  7544 | Bailey   | HP: 1/70 [orc warrior/+0 war axe (11)]
  7545 | Bailey   | Gained mutation: You have a pair of small horns on your
                  | head. [potion of mutation]
  7545 | Bailey   | Gained mutation: You are robust. (+10% HP) [potion of
                  | mutation]
  7545 | Bailey   | Mangled by an orc warrior

Illustrated notes

Levels and vault maps discovered:
D:1:      dpeg_arrival_central, layout_basic, ebering_ecumenical_altar_rust,
          minmay_misc_feat_rugged, nicolae_shop_unique_rings,
          minmay_misc_feat_plants
D:2:      layout_basic, mrwooster_statue_mirror, uniq_robin
D:3:      layout_loops_corners, serial_shops, shop, amethyst_killhole
D:4:      minmay_general_purpose_star, layout_basic,
          mainiacjoe_overflow_catwalk_spiral, lemuel_temple_firewalk_b,
          serial_shops, nicolae_shop_behind_doors, nicolae_square_shop,
          nicolae_diamond_shop, roderic_serpentine_path
D:5:      layout_loops_corners, st_stairs_2, nicolae_inconvenience_store,
          kennysheep_nondescript
D:6:      layout_gridville, mainiacjoe_overflow_alcove_4,
          hangedman_decor_peaks_small, lemuel_flamethrower_2
D:7:      layout_basic, due_unseen_surprise
D:8:      minmay_curly_fans, layout_loops_ring, special_room [special_room_orc],
          enter_bailey_7, roderic_lattice_a
Temple:   nicolae_temple_no_exploring_needed
Bailey:   bailey_axe_3, bailey

Skill      XL: |  1  2  3  4  5  6  7  8  9 |
---------------+----------------------------+-----
Axes           | 3 4 5 6 8 9 11 14 15 | 15.2
Fighting       | |  3.6
Armour         | |  3.2
Shields        | |  3.2

Action                   |  1- 3 |  4- 6 |  7- 9 || total
-------------------------+-------+-------+-------++-------
Melee: War axe           |    84 |   108 |    24 ||   216
       Morningstar       |       |       |   186 ||   186
Invok: Stomp             |       |       |     3 ||     3
       Line Pass         |       |       |     1 ||     1
  Use: Scroll            |       |       |     3 ||     3
       Potion            |       |       |     2 ||     2
 Stab: Paralysed         |       |       |     3 ||     3
Armor: Scale mail        |    18 |       |       ||    18
       Chain mail        |    17 |    84 |   191 ||   292
Dodge: Dodged            |    48 |    39 |    87 ||   174
Block: Buckler           |    18 |    31 |    56 ||   105
